Cogmind - Beta 15 @@@ ROGUE MODE // 2025.10.15 @ 17:44:22 Player: beans Result: Destroyed by JD-2PA(j) with Overtuned Pulse Rifle Performance ------------- Evolutions (0) 0 Regions Visited (4) 800 Robots Destroyed (13) 65 Value Destroyed (305) 305 Prototype IDs (0) 0 Alien Tech Used (0) 0 Bonus (1091) 1091 TOTAL SCORE: 2261 Bonus ------- Follower Combat Kills 291 Registered with UFD 300 Met Optimus in HQ 500 Cogmind --------- Core Integrity 0/250 Matter 287/300 Energy 100/100 System Corruption 2% Temperature Critical (514) Movement Hovering (60) Location -8/Scraptown Parts ------- > --- POWER (1) -------- (None) > --- PROPULSION (2) --- Airjet > --- UTILITY (2) ------ (None) > --- WEAPON (2) ------- Overtuned Coil Gun > --- INVENTORY (5) ---- Improved Cooling System ID Mask Tech Extrapolator CPS Tube (1) DRS Beacon (Ready) Peak State ------------ > --- POWER ------------ Light Deuterium Engine > --- PROPULSION ------- Antigrav System Antigrav System > --- UTILITY ---------- Scrapoid Pod > --- WEAPON ----------- Minigun CPS Tube > --- INVENTORY -------- ID Mask Tech Extrapolator DRS Beacon [Rating: 35] Favorites ----------- Power Ion Engine Engine Ion Engine Power Core Neutrino Core Propulsion Flight Unit Leg Aluminum Leg Hover Unit Antigrav System Flight Unit Flight Unit Utility Weight Redist. System Device Weight Redist. System Weapon Minigun Energy Gun Medium Laser Energy Cannon Plasma Cannon Ballistic Gun Minigun Launcher Grenade Launcher Special Weapon CPS Tube Build | -11 -10 -10 -10 -8 ------- Run | Yrd Mat Min Sub Scr Slots Evolved . | . . . . . Power . | . . . . . Propulsion . | . . . . . Utility . | . . . . . Weapon . | . . . . . Parts Attached 31 | 5 2 4 . 20 Power 4 | 1 . . . 3 Engine 2 | 1 . . . 1 Core 2 | . . . . 2 Reactor . | . . . . . Propulsion 10 | 2 2 1 . 5 Treads . | . . . . . Leg 2 | 2 . . . . Wheel . | . . . . . Hover 5 | . . . . 5 Flight 3 | . 2 1 . . Utility 5 | . . . . 5 Device 5 | . . . . 5 Storage . | . . . . . Processor . | . . . . . Hackware . | . . . . . Protection . | . . . . . Artifact . | . . . . . Weapon 12 | 2 . 3 . 7 Energy Gun 4 | 2 . . . 2 Energy Cannon 1 | . . . . 1 Ballistic Gun 5 | . . 2 . 3 Ballistic Cannon . | . . . . . Launcher 1 | . . 1 . . Special Weapon 1 | . . . . 1 Impact Weapon . | . . . . . Slashing Weapon . | . . . . . Piercing Weapon . | . . . . . Special Melee Weapon . | . . . . . Unidentified Prototypes . | . . . . . Parts Lost 7 | . . 1 . 6 Power 1 | . . . . 1 Propulsion 3 | . . 1 . 2 Utility 1 | . . . . 1 Weapon 2 | . . . . 2 Highest Loss Streak 3 | . . 1 . 3 To Critical Strikes . | . . . . . Average Backups 2 | 1 . 2 2 3 Power . | . . . . . Propulsion . | . . . . . Utility . | . . . . 1 Weapon 1 | . . 1 2 1 Tool/Special . | . . . . . Unused Backups 2 | . . . . 2 Power . | . . . . . Propulsion . | . . . . . Utility 2 | . . . . 2 Weapon . | . . . . . Tool/Special . | . . . . . Average Slot Usage (%) 84 | . 67 61 71 92 Engine 12 | . 12 7 14 12 Leg 2 | . 22 . . . Hover 5 | . . . . 8 Flight 18 | . 4 25 28 19 Device 15 | . . . . 22 Energy Gun 6 | . 26 13 . 1 Ballistic Gun 17 | . . 14 28 21 Special Weapon 1 | . . . . 1 Peak Build Rating 35 | 5 5 5 5 35 Average Rating 15 | 3 4 4 5 20 On Entrance 3 | . 5 4 5 5 Naked Turns . | . . . . . Heaviest Build 23 | 9 9 7 7 23 Greatest Support 28 | 20 20 8 8 28 Greatest Overweight (x) 2 | . 2 1 . 2 Average Overweight (x) . | . . . . . Largest Inventory Capacity 5 | 5 5 5 5 5 Average Capacity 5 | 5 5 5 5 5 Most Carried 5 | 5 4 5 2 5 Average Carried 3 | . . 2 2 4 Final Capacity 5 | 5 5 5 5 5 Final Carried 5 | . 2 2 2 5 Class Distribution -------------------- 82% | Mutant 17% | Scavenger-Mutant Dominant Class ---------------- Mutant | -10/Materials Mutant | -10/Mines Scavenger-Mutant | -10/Subcaves Mutant | -8/Scraptown Resources | -11 -10 -10 -10 -8 ----------- Run | Yrd Mat Min Sub Scr Matter Collected 1449 | 228 42 69 . 1110 Remotely . | . . . . . Salvage Created 470 | 10 45 143 . 272 Parts 24 | 3 5 11 . 5 Haulers Intercepted . | . . . . . Recyclers Shooed 1 | . . 1 . . Parts Field Recycled . | . . . . . Retrieved Matter . | . . . . . Parts Self-Destructed 6 | . . . 4 2 Prevented . | . . . . . Kills | -11 -10 -10 -10 -8 ------- Run | Yrd Mat Min Sub Scr Combat Hostiles Destroyed 12 | . 3 5 . 4 Guns 11 | . 3 5 . 3 Cannons 1 | . . . . 1 Classes Destroyed 5 | 1 1 1 . 2 Tunneler 1 | 1 . . . . Swarmer 6 | . 3 3 . . Grunt 2 | . . 2 . . Bolteater 1 | . . . . 1 Scrapper 3 | . . . . 3 Best Kill Streak 3 | 1 3 3 . 2 Combat Bots Only 3 | . 3 3 . 2 Max Kills in Single Turn 1 | 1 1 1 . 1 Gunslinging . | . . . . . Exploded . | . . . . . Melee . | . . . . . Uniques/NPCs Destroyed . | . . . . . Combat | -11 -10 -10 -10 -8 -------- Run | Yrd Mat Min Sub Scr Hostile Shots Fired 108 | . 13 15 . 80 Missed 33 | . 3 6 . 24 Hits 75 | . 10 9 . 56 Projectile 75 | . 10 9 . 56 Critical Strikes 6 | . . 1 . 5 Damage Taken 987 | . 85 108 . 794 Core 270 | . 18 37 . 215 Absorbed by Shields . | . . . . . Core Remaining (%) 100 | 100 . . . . Volleys Fired 58 | 1 15 11 7 24 Largest 2 | 2 2 2 2 2 Hottest 160 | 100 100 100 40 160 Shots Fired 109 | 2 30 22 14 41 Gun 105 | 2 30 22 14 37 Cannon 3 | . . . . 3 Launcher . | . . . . . Special 1 | . . . . 1 Kinetic 49 | . . 14 14 21 Thermal 59 | 2 30 8 . 19 Explosive . | . . . . . Electromagnetic . | . . . . . Robot Hit Streak 11 | 1 3 9 11 10 Robot Miss Streak 5 | 1 4 5 2 3 Penetration Max . | . . . . . Secondary Targets 1 | . 1 . . . Max Gunslinging Chain 1 | . 1 . . . Shots Hit Robots 66 | 1 15 12 10 28 Core Hits 29 | 1 4 10 5 9 Critical Kills . | . . . . . Critical Parts Destroyed 1 | . . . 1 . Critical Strikes 6 | . 1 1 1 3 Burn 5 | . 1 1 . 3 Destroy 1 | . . . 1 . Melee Attacks . | . . . . . Impact . | . . . . . Slashing . | . . . . . Piercing . | . . . . . Sneak Attacks . | . . . . . Combat Hostiles . | . . . . . Follow-up Attacks . | . . . . . Damage Inflicted 885 | 12 188 129 74 482 Guns 835 | 12 188 129 74 432 Cannons 50 | . . . . 50 Explosions . | . . . . . Melee . | . . . . . Ramming . | . . . . . Kinetic 326 | . . 78 74 174 Thermal 559 | 12 188 51 . 308 Explosive . | . . . . . Electromagnetic . | . . . . . Impact . | . . . . . Slashing . | . . . . . Piercing . | . . . . . Highest Corruption 2 | . . . . 2 Average Corruption 1 | . . . . 1 Corruption Purged . | . . . . . Corruption Blocked . | . . . . . Effects 1 | . . . . 1 Energy Discharges 1 | . . . . 1 Overload Shots . | . . . . . Overflow Damage . | . . . . . Projectiles . | . . . . . Explosions . | . . . . . Melee . | . . . . . Knockbacks . | . . . . . Impact . | . . . . . Kinetic . | . . . . . Secondary . | . . . . . Self-Inflicted Damage . | . . . . . Shots . | . . . . . Rammed . | . . . . . Targets Rammed . | . . . . . Kicked . | . . . . . Crushed . | . . . . . Highest Temperature 490 | 39 216 92 . 490 Average Temperature 107 | 20 108 29 . 139 Received Heat Transfer 412 | . . 63 . 349 Effects 3 | . . . . 3 Shutdowns 1 | . . . . 1 Interference 1 | . . . . 1 Short Circuit 1 | . . . . 1 Siege Activations . | . . . . . Martial Activations . | . . . . . Shielding Activations . | . . . . . Robots Disrupted . | . . . . . Combat Hostiles . | . . . . . Robots Corrupted . | . . . . . Combat Hostiles . | . . . . . Parts Fried . | . . . . . Impact Corruptions . | . . . . . Robots Melted . | . . . . . Combat Hostiles . | . . . . . Parts Melted 3 | . 1 . . 2 Heat Transferred 1654 | 37 629 222 . 766 Parts Sabotaged . | . . . . . Parts Stolen . | . . . . . Parts Stripped . | . . . . . Power Chain Reactions . | . . . . . Alert | -11 -10 -10 -10 -8 ------- Run | Yrd Mat Min Sub Scr Maximum Alert Level . | . . . . . Low Security (%) 100 | 100 100 100 . . Level 1 . | . . . . . Level 2 . | . . . . . Level 3 . | . . . . . Level 4 . | . . . . . Level 5 . | . . . . . High Security . | . . . . . Max Security . | . . . . . Peak Influence 60 | 5 60 60 . . Initial 3 | . . 3 . . Average 21 | . 16 30 . . Influence Increases 210 | 5 70 135 . . Destroy 0b10 Robot/C 160 | . 60 100 . . Destroy 0b10 Robot/NC 5 | 5 . . . . Destroy Leader 30 | . 10 20 . . Partial Spotted 15 | . . 15 . . Influence Decreases 210 | 5 60 105 40 . Entered New Map 28 | . . 7 21 . Time Decay 172 | 5 60 88 19 . Lost Part 10 | . . 10 . . Squads Dispatched 1 | . 1 . . . Investigation 1 | . 1 . . . Extermination . | . . . . . Reinforcement . | . . . . . Assault . | . . . . . Garrison . | . . . . . Intercept . | . . . . . Searches Triggered . | . . . . . Construction Impeded . | . . . . . Haulers Reinforced . | . . . . . Active Scanning Responses . | . . . . . Cargo Convoy Interrupts . | . . . . . Stealth | -11 -10 -10 -10 -8 --------- Run | Yrd Mat Min Sub Scr Distress Signals . | . . . . . Communications Jammed . | . . . . . Distress Signals . | . . . . . Times Spotted 41 | . 4 4 . 33 Peak Tracking Total 6 | . 2 2 . 6 Tactical Retreats 2 | . . . . 2 Traps | -11 -10 -10 -10 -8 ------- Run | Yrd Mat Min Sub Scr Traps Triggered 1 | . 1 . . . Indirectly . | . . . . . Trap Hack Attempts . | . . . . . Triggered . | . . . . . Disarmed . | . . . . . Reprogrammed . | . . . . . Reused . | . . . . . Traps Extracted . | . . . . . Installed . | . . . . . Triggered . | . . . . . Machines | -11 -10 -10 -10 -8 ---------- Run | Yrd Mat Min Sub Scr Machines Disabled 3 | . . . . 3 Max in Single Turn . | . . . . . Machines Repaired . | . . . . . Machines Dismantled . | . . . . . Machines Sabotaged . | . . . . . Overloaded Fab Kills . | . . . . . Hacking | -11 -10 -10 -10 -8 --------- Run | Yrd Mat Min Sub Scr Machines Accessed 6 | . . . 1 5 Terminals . | . . . . . Fabricators . | . . . . . Repair Stations . | . . . . . Recycling Units . | . . . . . Scanalyzers . | . . . . . Garrison Access . | . . . . . Total Hacks 41 | . . . 4 37 Successful 41 | . . . 4 37 Failed . | . . . . . Catastrophic . | . . . . . Database Lockouts . | . . . . . Manual 1 | . . . . 1 Terminals . | . . . . . Fabricators . | . . . . . Repair Stations . | . . . . . Recycling Units . | . . . . . Scanalyzers . | . . . . . Garrison Access . | . . . . . Terminal Hacks 41 | . . . 4 37 Record 34 | . . . 4 30 Robot Analysis 7 | . . . . 7 Fabricator Hacks . | . . . . . Repair Station Hacks . | . . . . . Recycling Unit Hacks . | . . . . . Scanalyzer . | . . . . . Garrison Access Hacks . | . . . . . Unauthorized Hacks . | . . . . . Terminals . | . . . . . Fabricators . | . . . . . Repair Stations . | . . . . . Recycling Units . | . . . . . Scanalyzers . | . . . . . Garrison Access . | . . . . . Data Cores Recovered . | . . . . . Used . | . . . . . Hacking Detections . | . . . . . Full Trace Events . | . . . . . Feedback Events . | . . . . . Feedback Blocked . | . . . . . Robot Schematics Acquired . | . . . . . Robots Built . | . . . . . Authchips . | . . . . . Time . | . . . . . Total Robot Build Rating . | . . . . . Part Schematics Acquired . | . . . . . Parts Built . | . . . . . Authchips . | . . . . . Time . | . . . . . Total Part Build Rating . | . . . . . Parts Repaired . | . . . . . Time . | . . . . . Parts Recycled . | . . . . . Recycled Matter . | . . . . . Retrieved Matter . | . . . . . Retrieved Components . | . . . . . Parts Scanalyzed . | . . . . . Part Schematics Acquired . | . . . . . Parts Damaged . | . . . . . Bothacking | -11 -10 -10 -10 -8 ------------ Run | Yrd Mat Min Sub Scr Used RIF Installer . | . . . . . Robots Hacked . | . . . . . Non-combat . | . . . . . Combat . | . . . . . Robot Hacks Applied . | . . . . . Relay Couplers Released . | . . . . . Fabnet Peak Effective % . | . . . . . Robots Rewired . | . . . . . Allies Hacked . | . . . . . Hacks Repelled . | . . . . . Allies | -11 -10 -10 -10 -8 -------- Run | Yrd Mat Min Sub Scr Total Allies 5 | . . . . 5 Largest Group 5 | . . . . 5 Highest-Rated Group 241 | . . . . 241 Highest-Rated Ally 50 | . . . . 50 Total Orders . | . . . . . Ally Attacks 56 | . . . . 56 Total Damage 1035 | . . . . 1035 Kills 9 | . . . . 9 Allies Corrupted . | . . . . . Allies Melted 7 | . . . . 7 Intel | -11 -10 -10 -10 -8 ------- Run | Yrd Mat Min Sub Scr Active Infowar (turns) . | . . . . . Robot Analysis Total 7 | . . . . 7 Derelict Logs Recovered 1 | . . 1 . . Drone Launches . | . . . . . Drone Recoveries . | . . . . . Exploration | -11 -10 -10 -10 -8 ------------- Run | Yrd Mat Min Sub Scr Turns Passed 1790 | 42 235 215 84 1214 Spaces Moved 1969 | 32 167 319 107 1344 Core 18 | 13 5 . . . Treads . | . . . . . Legs 128 | 19 109 . . . Wheels . | . . . . . Hover 310 | . . . . 310 Flight 1513 | . 53 319 107 1034 Fastest Speed 37 | 50 37 37 37 37 Average Speed 48 | 91 94 43 37 43 Slowest Speed 180 | 120 150 120 37 180 Overloaded Moves . | . . . . . Propulsion Burnouts . | . . . . . Robots Hopped . | . . . . . Potential Cave-ins . | . . . . . Cave-ins Triggered . | . . . . . Exploration Rate (%) 31 | 4 29 63 6 54 Regions Visited 4 Branch Regions 3 Pre-discovered Areas 2 | . . 1 1 . Known Exits Taken . | . . . . . Unknown Exits Taken 4 | 1 1 1 1 . Scrap Searched 3 | . . 1 . 2 Spaces Dug . | . . . . . Terrain Destroyed 1 | . . . . 1 Melee . | . . . . . Projectile 1 | . . . . 1 AOE . | . . . . . Terrain Rammed . | . . . . . Walls Destroyed . | . . . . . Machines Disabled . | . . . . . Actions | -11 -10 -10 -10 -8 --------- Run | Yrd Mat Min Sub Scr Total 2717 | 42 215 375 139 1946 Wait 606 | . 24 36 26 520 Move 1965 | 31 166 318 106 1344 Hop . | . . . . . Pick Up 22 | 5 3 3 . 11 Fast Attach 13 | . . . . 13 Attach 17 | 5 3 4 . 5 Detach 7 | . 2 1 . 4 Swap 8 | . . 1 . 7 Drop 21 | . 2 1 . 18 Fire 58 | 1 15 11 7 24 Melee . | . . . . . Ram . | . . . . . Kick . | . . . . . Crush . | . . . . . Escape Stasis . | . . . . . Rewire . | . . . . . Trap . | . . . . . Miscellaneous . | . . . . . Route ------- -11/Scrapyard -10/Materials (discovered 2 exits: [*Mat] / [*Min]) -10/Mines (discovered 2 exits: [*Mat] / *Sub) -10/Subcaves -8/Scraptown History --------- Turn | Location | Event 6 | -11/Scrapyard | Discovered new exit (range 15) 43 | -11/Scrapyard | Entered Materials 199 | -10/Materials | Discovered new exit (range 5) 271 | -10/Materials | Discovered new exit (range 8) 278 | -10/Materials | Entered Mines 283 | -10/Mines | Learned location of 1 exit from Materials 317 | -10/Mines | Build established: Mutant 382 | -10/Mines | Learned location of Storage (-8) 400 | -10/Mines | Discovered new exit (range 7) 490 | -10/Mines | Discovered new exit (range 6) 493 | -10/Mines | Entered Subcaves 494 | -10/Subcaves | Approached by a straggling Scientist 544 | -10/Subcaves | Visited Clippyterm 556 | -10/Subcaves | Learned location of Section 7 (-3) 571 | -10/Subcaves | Scientist uncovered a shortcut to Scraptown 577 | -10/Subcaves | Entered Scraptown 693 | -8/Scraptown | Visited UFD Registry 693 | -8/Scraptown | Registered with UFD as "Smoothcoil" 712 | -8/Scraptown | Visited Derelict Rescue Squad 715 | -8/Scraptown | Found DRS Beacon 724 | -8/Scraptown | Visited DA-N13 Charitable Foundation 725 | -8/Scraptown | Found DCF Scrap (29 items) 742 | -8/Scraptown | Visited Chapter 10 766 | -8/Scraptown | Visited Scrapoid Pod Storage 769 | -8/Scraptown | Found Scrapoid Pod 776 | -8/Scraptown | Visited Supply Room 784 | -8/Scraptown | Visited Analyses Database 794 | -8/Scraptown | Visited Research Penetration Think Tank 802 | -8/Scraptown | Visited Sword Containment 810 | -8/Scraptown | Visited Botcube Research 840 | -8/Scraptown | Visited Abandonware Association 843 | -8/Scraptown | Learned abandonware demo "OVRCLOCK.EXE" 846 | -8/Scraptown | Learned abandonware demo "SHUTEYE.EXE" 846 | -8/Scraptown | Learned abandonware demo "KABOOM.EXE" 995 | -8/Scraptown | Met Optimus 995 | -8/Scraptown | Accepted into 0bPrime 1395 | -8/Scraptown | Civil war broke out across Scraptown 1447 | -8/Scraptown | Lost 5 allies 1487 | -8/Scraptown | Found ID Mask 1629 | -8/Scraptown | Optimus destroyed in the chaos of civil war 1676 | -8/Scraptown | Lost 5 allies 1679 | -8/Scraptown | Scrapoid Pod released 08S05-D (x5) 1716 | -8/Scraptown | Core integrity fell below 50% 1789 | -8/Scraptown | Core integrity fell below 20% 1791 | -8/Scraptown | Destroyed by JD-2PA(j) with Overtuned Pulse Rifle Last Messages --------------- Slug penetrates Machine. Machine disabled. Slug penetrates Wall. Mak. Salvage Targeting Computer melted. 2X-4S1(j) destroyed. Power failure, Neutrino Core shutdown. Ovr. Pulse Rifle broken. Overheating: Short circuit. Slug penetrates LK-BKQ(j). 08S04-D suffers critical hit (Burn). 08S04-D destroyed. Dropped Broken Ovr. Pulse Rifle. 08S02-D destroyed. Acquired Ovr. Coil Gun. Critical hit (Burn: +50). Antigrav System destroyed. Slug penetrates Operating Theater. Ovr. Pulse Rifle destroyed. Mak. Microdissipator Network destroyed. Dropped Neutrino Core. Map ----- +----------------------------------------------------+ | ?????????????????????????????????????????????????? | | ?????????????????????????????????????????????????? | | ?????????????????????????????????????????????????? | | ?????????????????????????????????????????????????? | | ?????????????????????????????????????????????????? | | ?????????????????????????????????????????????????? | | ?????????????????????????????????????????????????? | | ?????????????????????????????????????????????????? | | ?????????????????????????????????????????????????? | | ?????????????????????????????????????????????????? | | ????????????????????????? !??????????????????????? | | ?????????????????????????!!??????????????????????? | | ?????????????????????????!!??????????????????????? | | ????????????????????????? %#?????????????????????? | | ?????????????????????????*!#?????????????????????? | | ?????????????############!!#?????????????????????? | | ?????????????#""""""""""#j!###########???????????? | | ??????????????## " #!%;"""""""""#???????????? | | ??????????????# ""#==* " " " #???????????? | | ?##########???# *%! " #[%# = #???????????? | | ?#=*=## #???# """ #*[#!%"# #" #???????????? | | ?#=*/##! #???# " " #%=#! "#X#" #???????????? | | ?#*%]!!*% #???# "";%** "###" #???????????? | | ?#]]*]![[ #???# [ ""!!=# """"" #???????????? | | ?#[/ !*! #??###!%= "!=%# #???????????? | | ?#==!=*! #??# = % #@%# %= #???????????? | | #######!###??####""!!"###![##!"#######???????????? | | "###### ###########%####*![#! ##?????????????????? | | """"""" "" """"" [ "" =%!=* ########??????????? | | [%[ ! !![!g=!!%="##"""""#??????????? | | = ! [ [=!===[=* ## "#??????????? | | ![! ! ===! ## "#??????????? | | =%[ =%[ [ ## "#??????????? | | *! [ ] "#??????????? | | """" """"" " """""""" % "## ["#??????????? | | """""""""""""""""""""""" = * "## "#??????????? | | ##### ################"" %* "##"""" #??????????? | | ##????????#" !! "#########?????????? | | X"#????????#""jpj ## "!!!#?????????? | | "" " ##????????#""%= "## ""#?????????? | | " "" X"#??????###""*![[!"## "" "#?????????? | | ! ######### =""=*%!% ## " "#?????????? | | &% =![! ![! !!=!%!=*! #?????????? | | = ==!"!!![= =%* =% !! [![! "## "" #?????????? | | ==!%%=!%%==!"########!="" ![ "## "" #?????????? | | %= * !=!"!""#??????###" == "##""[[[ #?????????? | | [ "" ["!* ##????????#"" "#########?????????? | | ! X"#????????#" "#########?????????? | | [%* ##????????#"" "## """"#?????????? | | ##""#= "###############""*[ "## " "#?????????? | +----------------------------------------------------+ Best States ------------- Heat Dissipation 52 Energy Generation 19 Energy Capacity 315 Matter Stores 300 Matter Capacity 300 Sight Range 16 Terrain Scan Density 10 Additional Mass Support 6 Evasion (%) 62 Recoil Reduction 4 Item Schematics ----------------- None Robot Schematics ------------------ None Fabricated ------------ Nothing Repaired ---------- Nothing Alien Tech Used ----------------- None Achievements -------------- None Challenges ------------ None Game ------ Seed SupercompositeMassShotgun Manual? 0 Play Time 00:29:44 Cumulative 187.5 hours Start 2025.10.15 @ 17:13:57 End 2025.10.15 @ 17:44:22 Sessions 1 Manual Loads 0 Difficulty Rogue Special Mode None Game No. 560 Rogue 559 Adventurer 1 Explorer 0 Win Type - Total 0 Types 0/0/0/0/0/0/0/0/0/0 Lore% 62 Gallery% 60 Achievement% 47 Wizard Run 0 Options --------- Layout 1 ASCII 0 Keyboard 0 Movement Mouse Keybinds 0 Fullscreen 1 Font 24/Smallcaps Map View 50x35 Zoom Use 0% Tactical HUD 0 Map Filters NONE Filters NONE Steam 1 RUN: ab20de74-a705-468b-bc07-d18c545f4a80